APL (24 & UNDER)
ATHENS ASSASSINS @ BEAVERTON BRONZE SOULS
05/11/2030
 
TOP OF THE 1ST
Athens Assassins batting - Pitching for Beaverton Bronze Souls : RHP Juan García
Pitching: RHP Juan García
Batting: RHB Júlio Castillo 0-0: Called Strike
0-1: Ball
1-1: Ball
2-1: Foul Ball, location: 2F
2-2: Strikes out swinging
Batting: RHB Luis López 0-0: Called Strike
0-1: Swinging Strike
0-2: Foul Ball, location: 2F
0-2: Strikes out looking
Batting: SHB Chris Barrett 0-0: Called Strike
0-1: Foul Ball, location: 2F
0-2: Ball
1-2: Strikes out looking
Top of the 1st over - 0 runs, 0 hits, 0 errors, 0 left on base; Athens 0 - Beaverton 0
BOTTOM OF THE 1ST
Beaverton Bronze Souls batting - Pitching for Athens Assassins : RHP Rafael Reyes
Pitching: RHP Rafael Reyes
Batting: RHB Burt Sharp 0-0: Ball
1-0: Ball
2-0: Called Strike
2-1: SINGLE (Groundball, 6MD)
Batting: RHB Luis Carranza 0-0: Ground out 5-3 (Groundball, 56S)
Burt Sharp to second
Batting: RHB Steve Smith 0-0: Ball
1-0: Ball
2-0: Ball
3-0: Base on Balls
Batting: RHB Marshall Gross 0-0: Ball
1-0: Fly out, F2 (Popup, 2LF)
Batting: LHB Balduíno Bruschy 0-0: Ball
Wild Pitch!
Burt Sharp to third
Steve Smith to second
1-0: Ball
2-0: Ball
3-0: Called Strike
3-1: Base on Balls
Batting: RHB José López 0-0: Called Strike
0-1: Called Strike
0-2: Ball
1-2: SINGLE (Line Drive, 4D)
Burt Sharp scores
Steve Smith to third
Balduíno Bruschy to second
Batting: LHB Jonathan Belisle 0-0: Ball
1-0: Foul Ball, location: 2F
1-1: Called Strike
1-2: Ground out U3 (Groundball, 3)
Bottom of the 1st over - 1 run, 2 hits, 0 errors, 3 left on base; Athens 0 - Beaverton 1
TOP OF THE 2ND
Athens Assassins batting - Pitching for Beaverton Bronze Souls : RHP Juan García
Batting: RHB John Jones 0-0: Foul Ball, location: 2F
0-1: Ball
1-1: Ball
2-1: Foul Ball, location: 2F
2-2: Ball
3-2: Base on Balls
Batting: RHB Jorge Loanos 0-0: Called Strike
0-1: SINGLE (Groundball, 56D)
John Jones to second
Batting: RHB Pat Johnston 0-0: Ball
1-0: Called Strike
1-1: Foul Ball, location: 2F
1-2: Ball
2-2: Foul Ball, location: 2F
2-2: Strikes out swinging
Batting: RHB Maximino Abbado 0-0: Ball
1-0: Ball
2-0: Fielders Choice at 2nd, 6-4 (Groundball, 6)
John Jones to third
Batting: RHB Jake Erickson 0-0: Ball
1-0: Foul Ball, location: 2F
1-1: Swinging Strike
1-2: Foul Ball, location: 2F
1-2: SINGLE (Line Drive, 6MD)
John Jones scores
Maximino Abbado to second
Maximino Abbado to third
Batting: RHB Don Martin 0-0: Called Strike
0-1: Ball
1-1: Ball
2-1: Called Strike
2-2: SINGLE (Groundball, 5D)
Maximino Abbado scores
Jake Erickson to second
Batting: RHB Júlio Castillo 0-0: Ball
1-0: Foul Ball, location: 2F
1-1: Ball
2-1: Called Strike
2-2: Ball
3-2: Foul Ball, location: 2F
3-2: Strikes out swinging
Top of the 2nd over - 2 runs, 3 hits, 0 errors, 2 left on base; Athens 2 - Beaverton 1
BOTTOM OF THE 2ND
Beaverton Bronze Souls batting - Pitching for Athens Assassins : RHP Rafael Reyes
Batting: RHB Ricardo López 0-0: Called Strike
0-1: Called Strike
0-2: Ball
1-2: Ball
2-2: Ball
3-2: Reached on error, E6 (Groundball, 6)
Batting: SHB Teko de Bruin 0-0: Ball
1-0: Fly out, F5 (Line Drive, 56)
Batting: RHB Burt Sharp 0-0: Ball
1-0: Fielders Choice at 2nd, 1-6 (Groundball, 13)
Batting: RHB Luis Carranza 0-0: Ball
1-0: Ball
2-0: Ball
3-0: Called Strike
3-1: SINGLE (Line Drive, 6M)
Burt Sharp to second
Batting: RHB Steve Smith 0-0: Called Strike
0-1: Ball
1-1: 3-RUN HOME RUN (Flyball, 7D), Distance : 382 ft
Batting: RHB Marshall Gross 0-0: Called Strike
0-1: Swinging Strike
0-2: Ball
1-2: Foul Ball, location: 2F
1-2: Foul Ball, location: 2F
1-2: Foul Ball, location: 2F
1-2: Fly out, F7 (Flyball, 7D)
Bottom of the 2nd over - 3 runs, 2 hits, 1 error, 0 left on base; Athens 2 - Beaverton 4
TOP OF THE 3RD
Athens Assassins batting - Pitching for Beaverton Bronze Souls : RHP Juan García
Batting: RHB Luis López 0-0: Ball
1-0: Ball
2-0: Foul Ball, location: 2F
2-1: Called Strike
2-2: Strikes out swinging
Batting: SHB Chris Barrett 0-0: Ball
1-0: Foul Ball, location: 2F
1-1: Ball
2-1: Swinging Strike
2-2: SINGLE (Line Drive, 78M)
Batting: RHB John Jones 0-0: Ball
1-0: Ball
2-0: Swinging Strike
2-1: Ball
3-1: Called Strike
3-2: Foul Ball, location: 2F
3-2: Strikes out swinging
Batting: RHB Jorge Loanos 0-0: Swinging Strike
0-1: Called Strike
0-2: Strikes out looking
Top of the 3rd over - 0 runs, 1 hit, 0 errors, 1 left on base; Athens 2 - Beaverton 4
BOTTOM OF THE 3RD
Beaverton Bronze Souls batting - Pitching for Athens Assassins : RHP Rafael Reyes
Batting: LHB Balduíno Bruschy 0-0: Ball
1-0: Called Strike
1-1: Ball
2-1: Ball
3-1: Called Strike
3-2: Base on Balls
Batting: RHB José López 0-0: Ball
1-0: Ball
2-0: Ball
3-0: Base on Balls
Balduíno Bruschy to second
Batting: LHB Jonathan Belisle 0-0: Swinging Strike
0-1: Foul Ball, location: 2F
0-2: Ball
1-2: Foul Ball, location: 2F
1-2: Strikes out looking
Batting: RHB Ricardo López 0-0: Ball
1-0: Foul Ball, location: 2F
1-1: Called Strike
1-2: Ball
2-2: SINGLE (Groundball, 34D)
Balduíno Bruschy to third
José López to second
Runner from 3rd tries for Home, SAFE, no throw
Batting: SHB Teko de Bruin 0-0: Called Strike
0-1: Called Strike
0-2: Strikes out swinging
Batting: RHB Burt Sharp 0-0: Ball
1-0: Called Strike
1-1: Swinging Strike
1-2: Ball
2-2: Ball
3-2: Ground out 5-3 (Groundball, 5L)
Bottom of the 3rd over - 1 run, 1 hit, 0 errors, 2 left on base; Athens 2 - Beaverton 5
TOP OF THE 4TH
Athens Assassins batting - Pitching for Beaverton Bronze Souls : RHP Juan García
Batting: RHB Pat Johnston 0-0: Ball
1-0: Reached on error, E6 (Groundball, 6)
Batting: RHB Maximino Abbado 0-0: Ball
Throwing error on steal attempt, E2
Pat Johnston to third
1-0: SINGLE (Groundball, 34) (infield hit)
Pat Johnston scores
Batting: RHB Jake Erickson 0-0: Ground out 5-3 (Groundball, 2L)
Maximino Abbado to second
Batting: RHB Don Martin 0-0: Ball
1-0: Swinging Strike
1-1: Foul Ball, location: 2F
1-2: Ball
2-2: Foul Ball, location: 2F
2-2: Foul Ball, location: 2F
2-2: Ball
3-2: Foul Ball, location: 2F
3-2: Base on Balls
Batting: RHB Júlio Castillo 0-0: Fielders Choice at 2nd, 3-6 (Groundball, 34)
Maximino Abbado to third
Batting: RHB Luis López 0-0: Called Strike
0-1: Called Strike
Júlio Castillo is caught stealing 2nd base
Top of the 4th over - 1 run, 1 hit, 2 errors, 1 left on base; Athens 3 - Beaverton 5
BOTTOM OF THE 4TH
Beaverton Bronze Souls batting - Pitching for Athens Assassins : RHP Rafael Reyes
Batting: RHB Luis Carranza 0-0: Called Strike
0-1: Ground out 4-3 (Groundball, 4)
Batting: RHB Steve Smith 0-0: SINGLE (Groundball, 6MD)
Batting: RHB Marshall Gross 0-0: Grounds into double play, 6-4-3 (Groundball, 6)
Bottom of the 4th over - 0 runs, 1 hit, 0 errors, 0 left on base; Athens 3 - Beaverton 5
TOP OF THE 5TH
Athens Assassins batting - Pitching for Beaverton Bronze Souls : RHP Juan García
Batting: RHB Luis López 0-0: Ball
1-0: Called Strike
1-1: Foul Ball, location: 2F
1-2: Ball
2-2: Ball
3-2: Foul Ball, location: 2F
3-2: Base on Balls
Batting: SHB Chris Barrett Pickoff Throw to First - Out!
0-0: SINGLE (Line Drive, 89S)
Batting: RHB John Jones 0-0: Ball
1-0: Ball
2-0: DOUBLE (Flyball, 89D)
Chris Barrett to third
Runner from 3rd tries for Home, SAFE, no throw
Batting: RHB Jorge Loanos 0-0: Ball
1-0: Ball
2-0: Ball
3-0: Base on Balls
Pitching: RHP Carlos Morales
Batting: RHB Pat Johnston 0-0: Called Strike
0-1: Ball
1-1: Ball
2-1: Foul Ball, location: 2F
2-2: Fly out, F8 (Flyball, 8LM)
Batting: RHB Maximino Abbado 0-0: Ball
1-0: Ball
2-0: Fly out, F8 (Flyball, 8LD)
Top of the 5th over - 1 run, 2 hits, 0 errors, 2 left on base; Athens 4 - Beaverton 5
BOTTOM OF THE 5TH
Beaverton Bronze Souls batting - Pitching for Athens Assassins : RHP Rafael Reyes
Batting: LHB Balduíno Bruschy 0-0: Ball
1-0: Foul Ball, location: 2F
1-1: Called Strike
1-2: Strikes out looking
Batting: RHB José López 0-0: Fly out, F8 (Flyball, 8RS)
Batting: LHB Jonathan Belisle 0-0: Ball
1-0: Called Strike
1-1: Called Strike
1-2: Ball
2-2: SINGLE (Line Drive, 6M)
Batting: RHB Ricardo López 0-0: Ball
1-0: Called Strike
1-1: Foul Ball, location: 2F
1-2: SINGLE (Groundball, 34) (infield hit)
Jonathan Belisle to second
Batting: SHB Teko de Bruin 0-0: Called Strike
0-1: Ball
1-1: Called Strike
1-2: Ball
2-2: Strikes out swinging
Bottom of the 5th over - 0 runs, 2 hits, 0 errors, 2 left on base; Athens 4 - Beaverton 5
TOP OF THE 6TH
Athens Assassins batting - Pitching for Beaverton Bronze Souls : RHP Carlos Morales
Batting: RHB Jake Erickson 0-0: Swinging Strike
0-1: Ball
1-1: Ball
2-1: Ball
3-1: Base on Balls
Batting: RHB Don Martin 0-0: Ball
1-0: Fly out, F9 (Flyball, 9LDF)
Batting: RHB Júlio Castillo 0-0: Called Strike
0-1: Foul Ball, location: 2F
0-2: Ball
1-2: Foul Ball, location: 2F
1-2: Foul Ball, location: 2F
1-2: Ball
2-2: Strikes out swinging
Batting: RHB Luis López 0-0: Ball
Wild Pitch!
Jake Erickson to second
1-0: Ground out 5-3 (Groundball, 56)
Top of the 6th over - 0 runs, 0 hits, 0 errors, 1 left on base; Athens 4 - Beaverton 5
BOTTOM OF THE 6TH
Beaverton Bronze Souls batting - Pitching for Athens Assassins : RHP Rafael Reyes
Pitching: RHP James Mantle
Batting: RHB Burt Sharp 0-0: Swinging Strike
0-1: Foul Ball, location: 2F
0-2: Ball
1-2: Ball
2-2: Ball
3-2: Base on Balls
Batting: RHB Luis Carranza 0-0: Called Strike
0-1: Called Strike
0-2: Ball
1-2: Foul Ball, location: 2F
1-2: Ball
2-2: Foul Ball, location: 2F
2-2: Ball
3-2: Strikes out swinging
Batting: RHB Steve Smith 0-0: Ball
1-0: Ball
2-0: Ball
3-0: Called Strike
3-1: SINGLE (Flyball, 78S)
Burt Sharp to second
Batting: RHB Marshall Gross 0-0: Called Strike
0-1: Swinging Strike
0-2: Strikes out swinging
Batting: LHB Balduíno Bruschy 0-0: Foul Ball, location: 2F
0-1: Ball
1-1: Foul Ball, location: 2F
1-2: Strikes out looking
Bottom of the 6th over - 0 runs, 1 hit, 0 errors, 2 left on base; Athens 4 - Beaverton 5
TOP OF THE 7TH
Athens Assassins batting - Pitching for Beaverton Bronze Souls : RHP Carlos Morales
Batting: SHB Chris Barrett 0-0: Called Strike
0-1: Ball
1-1: SINGLE (Flyball, 7LM)
Batting: RHB John Jones 0-0: Ball
1-0: Fly out, F8 (Flyball, 8LD)
Batting: RHB Jorge Loanos 0-0: Ball
1-0: Ball
2-0: Called Strike
2-1: Called Strike
2-2: Fly out, F7 (Flyball, 78M)
Batting: RHB Pat Johnston 0-0: Ball
1-0: Foul Ball, location: 2F
1-1: Foul Ball, location: 2F
1-2: Ball
2-2: Strikes out swinging
Top of the 7th over - 0 runs, 1 hit, 0 errors, 1 left on base; Athens 4 - Beaverton 5
BOTTOM OF THE 7TH
Beaverton Bronze Souls batting - Pitching for Athens Assassins : RHP James Mantle
Batting: RHB José López 0-0: Foul Ball, location: 2F
0-1: Ball
1-1: Foul Ball, location: 2F
1-2: Foul Ball, location: 2F
1-2: Foul Ball, location: 2F
1-2: Ground out 4-3 (Groundball, 4)
Batting: LHB Jonathan Belisle 0-0: Ball
1-0: Foul Ball, location: 2F
1-1: Swinging Strike
1-2: Strikes out swinging
Batting: RHB Ricardo López 0-0: Called Strike
0-1: Ball
1-1: Called Strike
1-2: Ball
2-2: Ball
3-2: Strikes out looking
Bottom of the 7th over - 0 runs, 0 hits, 0 errors, 0 left on base; Athens 4 - Beaverton 5
TOP OF THE 8TH
Athens Assassins batting - Pitching for Beaverton Bronze Souls : RHP Carlos Morales
Batting: RHB Maximino Abbado 0-0: Called Strike
0-1: Fly out, F9 (Flyball, 89S)
Batting: RHB Jake Erickson 0-0: Foul Ball, location: 2F
0-1: Ball
1-1: Ground out 5-3 (Groundball, 5)
Batting: RHB Don Martin 0-0: Foul Ball, location: 2F
0-1: Ball
1-1: Ball
2-1: Foul Ball, location: 2F
2-2: Foul Ball, location: 2F
2-2: Foul Ball, location: 2F
2-2: Foul Ball, location: 2F
2-2: Ground out 4-3 (Groundball, 4)
Top of the 8th over - 0 runs, 0 hits, 0 errors, 0 left on base; Athens 4 - Beaverton 5
BOTTOM OF THE 8TH
Beaverton Bronze Souls batting - Pitching for Athens Assassins : RHP James Mantle
Batting: SHB Teko de Bruin 0-0: Ball
1-0: Swinging Strike
1-1: Swinging Strike
1-2: Strikes out looking
Batting: RHB Burt Sharp 0-0: Ball
1-0: Ball
2-0: Called Strike
2-1: Ball
3-1: Foul Ball, location: 2F
3-2: Strikes out swinging
Batting: RHB Luis Carranza 0-0: Ball
1-0: Ball
2-0: Foul Ball, location: 2F
2-1: Swinging Strike
2-2: Foul Ball, location: 2F
2-2: Strikes out swinging
Bottom of the 8th over - 0 runs, 0 hits, 0 errors, 0 left on base; Athens 4 - Beaverton 5
TOP OF THE 9TH
Athens Assassins batting - Pitching for Beaverton Bronze Souls : RHP Carlos Morales
Now in RF: Manuel Félix
Pinch Hitting: LHB Brian Turner 0-0: Ball
1-0: Ball
2-0: Called Strike
2-1: Foul Ball, location: 2F
2-2: Ball
3-2: Foul Ball, location: 2F
3-2: Ground out 6-3 (Groundball, 6)
Batting: RHB Luis López 0-0: Foul Ball, location: 2F
0-1: Foul Ball, location: 2F
0-2: Foul Ball, location: 2F
0-2: Foul Ball, location: 2F
0-2: Foul Ball, location: 2F
0-2: Ball
1-2: Foul Ball, location: 2F
1-2: Ball
2-2: Foul Ball, location: 2F
2-2: SINGLE (Line Drive, 34)
Pinch Runner at 1st Mel Wells:
Batting: SHB Chris Barrett 0-0: Foul Ball, location: 2F
0-1: Called Strike
0-2: Fly out, F9 (Flyball, 9LD)
Batting: RHB John Jones 0-0: Called Strike
0-1: Swinging Strike
0-2: Ball
1-2: Strikes out swinging
Top of the 9th over - 0 runs, 1 hit, 0 errors, 1 left on base; Athens 4 - Beaverton 5
Saturday, April 7th, 2018 - OOTP Baseball 18.8 Build 76